 Dungeon Crawl Stone Soup version 0.30-a0-1035-g38d5fb2972 (webtiles) character file.

Game seed: 10461322209607604317

1327 LobsterGuardian the Skirmisher (level 8, 0/51 HPs)
             Began as a Kobold Hunter on Apr 8, 2023.
             Was a Believer of Okawaru.
             Slain by a troll (9 damage)
             ... on level 6 of the Dungeon.
             The game lasted 00:16:26 (5225 turns).

LobsterGuardian the Skirmisher (Kobold Hunter)      Turns: 5225, Time: 00:16:26

Health: 0/51       AC:  6    Str: 13 (14) XL:     8   Next: 91%
Magic:  8/8        EV: 16    Int: 10      God:    Okawaru [**....]
Gold:   230        SH:  0    Dex: 20 (21) Spells: 7/7 levels left

rFire   . . .      SeeInvis .    a - +1 shortbow
rCold   + . .      Faith    .    (shield currently unavailable)
rNeg    . . .      Spirit   .    b - +1 robe
rPois   .          Reflect  .    h - +2 helmet
rElec   .          Rampage  .    (no cloak)
rCorr   .                        (no gloves)
Will    .....                    (no boots)
Stlth   +++                      (no amulet)
HPRegen 0.28/turn                e - ring of protection from cold
MPRegen 0.11/turn                i - +6 ring of strength

@: no status effects
A: small, no large weapons, nightstalker 3, deterioration 1, sturdy frame 1
a: Renounce Religion, Heroism


You were on level 6 of the Dungeon.
You worshipped Okawaru.
Okawaru was pleased with you.
You visited 1 branch of the dungeon, and saw 6 of its levels.

You collected 300 gold pieces.
You spent 70 gold pieces at shops.

Inventory:

Hand Weapons
 a - a +1 shortbow (weapon)
Armour
 b - a +1 robe (worn)
 c - a +1 leather armour
 h - a +2 helmet (worn)
 m - the +0 robe of Fyicoef {rC+}
   (You found it on level 2 of the Dungeon)

   rC:        It protects you from cold.
Jewellery
 e - a ring of protection from cold (left hand)
 f - a ring of protection from fire
 i - a +6 ring of strength (right hand)
 j - a ring of fire
Wands
 s - a wand of iceblast (2)
 x - a wand of mindburst (7)
Scrolls
 g - 2 scrolls of silence {unknown}
 l - a scroll of fog
 n - a scroll of noise {unknown}
 o - a scroll of blinking {unknown}
 r - a scroll of torment {unknown}
 u - a scroll of enchant weapon
 y - a scroll of identify
Potions
 k - a potion of flight
 t - a potion of attraction
 v - 2 potions of lignification
 w - a potion of brilliance


   Skills:
 * Level 5.9 Fighting
 + Level 12.1 Ranged Weapons
 + Level 0.1 Armour
 + Level 3.6 Dodging
 + Level 1.8 Stealth


You had 7 spell levels left.
You didn't know any spells.
Your spell library contained the following spells:

 Spells                   Type           Power      Damage    Failure   Level
 Magic Dart               Conj           0%         1d3       36%         1
 Ensorcelled Hibernation  Hex/Ice        0%         N/A       50%         2
 Lesser Beckoning         Tloc           0%         N/A       50%         2
 Gell's Gravitas          Tloc           0%         N/A       75%         3
 Mephitic Cloud           Conj/Pois/Air  0%         N/A       75%         3
 Spider Form              Tmut/Pois      0%         N/A       75%         3
 Teleport Other           Tloc           0%         N/A       75%         3
 Anguish                  Hex/Necr       0%         N/A       98%         4
 Call Imp                 Summ           Unusable   N/A       N/A         2

Dungeon Overview and Level Annotations

Branches:
Dungeon (6/15)             Temple (0/1) D:5

Altars:
Okawaru
Qazlal
Ru
Wu Jian
Zin

Shops:
D:2 =   D:4 (*:   D:5 ?   D:6 =

Annotations:
D:5 Dowan


Innate Abilities, Weirdness & Mutations

You are small and have problems with some larger weapons.
You are completely attuned to the shadows.
Your body sometimes deteriorates upon taking damage.
Your movements are slightly less encumbered by armour. (ER -2)


Message History

The troll bites you but does no damage. The troll claws you!
* * * LOW HITPOINT WARNING * * *
The troll claws you but does no damage.
You are confused.
You feel invigorated. The troll bites you.
* * * LOW HITPOINT WARNING * * *
The troll claws you but does no damage. x2
You cannot move. (Use ctrl+direction or * direction to attack while stationary and confused.)
You are too injured to fight recklessly!
You shoot an arrow. The troll bites you but does no damage.
The troll claws you but does no damage. The troll barely misses you.
You shoot an arrow. The troll bites you but does no damage.
The troll claws you. The troll claws you but does no damage.
You shoot an arrow. The troll bites you but does no damage.
The troll claws you! The troll claws you but does no damage.
You shoot an arrow.
You feel less invigorated.
You feel less confused. The troll bites you.
The troll claws you but does no damage. x2
It was a potion of attraction.
You feel attractive to monsters. The troll bites you.
The troll claws you but does no damage. The troll barely misses you.
It was a potion of cancellation.
Your magical effects are unravelling.
You feel magically purged.
You feel less wooden.
Your +2 helmet unmelds from your body.
Your +1 robe unmelds from your body.
The troll misses you. The troll claws you but does no damage.
The troll barely misses you.
An iguana comes into view.
The iguana is attracted toward you.
You feel less attractive to monsters.
Okay, then.
Unknown command.
The iguana hisses angrily.
You don't know any spells.
The troll attacks as you move away! The troll bites you!
* * * LOW HITPOINT WARNING * * *
The troll barely misses you. The troll completely misses you.
The troll attacks as you move away! The troll bites you!
You die...

#.# #.#
##########.# #.#
#.# #.....Yo...#
######.# #.#
#.##########
[......#########.#
#.#
###..............#
#o#
#.###########..#
#Y####### #.# #..#
#...oY..# #.# #..#
#######.# #.#
#.@#########.##
#.#######
#..Tl..)...#..#
#.......#
#.######)ยง....#
###..####.# #.#
#..###..#
.##..####.#####.#
#.#) .#..#
..).)...........#
.. ..###..#
..#)..#####.##..#
.#. (#. #o. ......#
#.##.....
..##.[#####.###.###


You could see a troll and an iguana.

Vanquished Creatures
  Duvessa (D:5)
  An ice beast (D:6)
  A sky beast (D:6)
  2 ogres
  A kobold brigand (D:4)
  4 scorpions
  2 hounds
  An orc priest (D:6)
  3 jellies (D:5)
  An iguana (D:5)
  2 sleepcaps
  3 orc wizards
  A gnoll (D:2)
  13 adders
  5 white imps
  2 worms (D:3)
  A dart slug (D:4)
  22 orcs
  4 endoplasms
  3 giant cockroaches
  4 goblins
  6 hobgoblins
  4 kobolds
  A quokka (D:1)
  3 ball pythons
  6 bats
  6 frilled lizards
  6 rats
109 creatures vanquished.

Notes
Turn   | Place    | Note
-------+----------+-------------------------------------------
     0 | D:1      | LobsterGuardian the Kobold Hunter began the quest for the
                  | Orb.
     0 | D:1      | Reached XP level 1. HP: 12/12 MP: 1/1
   126 | D:1      | Reached XP level 2. HP: 17/17 MP: 2/2
   496 | D:1      | Reached skill level 6 in Ranged Weapons
   591 | D:2      | Identified the +0 robe of Fyicoef {rC+}
   624 | D:2      | Gained mutation: You occasionally shout uncontrollably at
                  | your foes. [potion of mutation]
   624 | D:2      | Gained mutation: You have supernaturally acute eyesight.
                  | (SInv) [potion of mutation]
   840 | D:2      | Reached XP level 3. HP: 22/22 MP: 3/3
   947 | D:2      | Found Tegecwae's Jewellery Emporium.
   975 | D:2      | Reached XP level 4. HP: 27/27 MP: 4/4
  1432 | D:3      | Reached skill level 7 in Ranged Weapons
  1501 | D:3      | Reached XP level 5. HP: 25/32 MP: 5/5
  1646 | D:3      | Lost mutation: You occasionally shout uncontrollably at
                  | your foes. [potion of mutation]
  1646 | D:3      | Lost mutation: You have supernaturally acute eyesight.
                  | (SInv) [potion of mutation]
  1646 | D:3      | Gained mutation: You have large cloven feet. [potion of
                  | mutation]
  1646 | D:3      | Gained mutation: You have hidden genetic defects. [potion
                  | of mutation]
  1646 | D:3      | Gained mutation: You are agile. (Dex +4, Str/Int -1)
                  | [potion of mutation]
  1679 | D:3      | Found a stormy altar of Qazlal.
  1718 | D:3      | Found an ornate altar of the Wu Jian Council.
  1848 | D:3      | Gained mutation: Your body sometimes deteriorates upon
                  | taking damage. [hidden defects]
  1851 | D:3      | Reached skill level 8 in Ranged Weapons
  1864 | D:3      | Gained mutation: You are dopey. (Int -2) [hidden defects]
  1864 | D:3      | Lost mutation: You have hidden genetic defects. [hidden
                  | defects expressed]
  1987 | D:3      | Reached XP level 6. HP: 37/37 MP: 6/6
  2175 | D:3      | Found an iron altar of Okawaru.
  2181 | D:3      | Became a worshipper of Warmaster Okawaru
  2378 | D:4      | Found Riuf Tuwos's Book Shoppe.
  2389 | D:4      | Found Pusuer's Assorted Antiques.
  2413 | D:4      | Noticed an ogre
  2508 | D:4      | Noticed a wyvern
  2694 | D:4      | Killed an ogre
  2695 | D:4      | Reached skill level 9 in Ranged Weapons
  2830 | D:4      | Bought a runed robe for 70 gold pieces
  3233 | D:4      | Found Ybbofaq's Antique Weapon Boutique.
  3382 | D:5      | Entered Level 5 of the Dungeon
  3382 | D:5      | Noticed an ogre
  3476 | D:5      | Lost mutation: You are dopey. (Int -2) [potion of mutation]
  3476 | D:5      | Lost mutation: You are agile. (Dex +4, Str/Int -1) [potion
                  | of mutation]
  3476 | D:5      | Lost mutation: You have large cloven feet. [potion of
                  | mutation]
  3476 | D:5      | Gained mutation: Your movements are slightly less
                  | encumbered by armour. (ER -2) [potion of mutation]
  3517 | D:5      | Reached XP level 7. HP: 41/41 MP: 7/7
  3622 | D:5      | Noticed Duvessa
  3634 | D:5      | Noticed Dowan
  3655 | D:5      | Killed Duvessa
  3656 | D:5      | Reached skill level 10 in Ranged Weapons
  3802 | D:5      | Found Dus Fawn's Magic Scroll Shop.
  3869 | D:5      | Reached * piety under Okawaru
  3907 | D:5      | Found a sacrificial altar of Ru.
  4044 | D:5      | Reached XP level 8. HP: 48/48 MP: 8/8
  4057 | D:5      | Found a glowing silver altar of Zin.
  4117 | D:5      | Found a staircase to the Ecumenical Temple.
  4176 | D:5      | Reached skill level 11 in Ranged Weapons
  4760 | D:6      | Reached skill level 5 in Fighting
  5052 | D:6      | Found Baulous's Jewellery Shoppe.
  5102 | D:6      | Noticed a troll
  5148 | D:6      | Reached ** piety under Okawaru
  5149 | D:6      | Reached skill level 12 in Ranged Weapons
  5225 | D:6      | Slain by a troll

Illustrated notes

Levels and vault maps discovered:
D:1:      dreamdust_arrival_sigmund_warning, layout_basic
D:2:      layout_loops_ring, serial_shops, nicolae_shop_trees
D:3:      minmay_door_path, layout_rooms, mainiacjoe_overflow_catwalk,
          mainiacjoe_overflow_big_doors
D:4:      layout_basic, nicolae_inconvenience_store,
          hangedman_abyss_or_decor_stagger, nicolae_wooded_promenade
D:5:      layout_loops_ring, lemuel_crystal_altar, minmay_temple_entry_poolview,
          serial_shops, nicolae_lakefront_shop, roderic_lattice_a,
          minmay_ruined_shrine, uniq_duvessa
D:6:      layout_loops_ring, serial_shops, nicolae_diamond_shop,
          minmay_manual_mail

Skill      XL: |  1  2  3  4  5  6  7  8 |
---------------+-------------------------+-----
Ranged Weapons | 6 7 8 9 10 12 | 12.1
Fighting       | 3 4 5 |  5.9
Dodging        | 3 |  3.6
Armour         | |  0.1
Stealth        | |  1.8

Action                     |  1- 3 |  4- 6 |  7- 9 || total
---------------------------+-------+-------+-------++-------
   Fire: Shortbow          |    73 |   127 |   170 ||   370
  Evoke: Wand              |       |       |     3 ||     3
    Use: Scroll            |     3 |     6 |       ||     9
         Potion            |     1 |     6 |    10 ||    17
 Armour: Leather armour    |     3 |       |       ||     3
         Robe              |     3 |    10 |    14 ||    27
         Skin              |       |       |    24 ||    24
  Dodge: Dodged            |    22 |    46 |    56 ||   124

Table legend: (Time is in decaauts)
 A = Elapsed time spent in this place.
 B = Non-inter-level travel time spent in this place.
 C = Inter-level travel time spent in this place.
 D = Time resting spent in this place.
 E = Time spent auto-exploring this place.
 F = Levels seen in this place.
 G = Mean time per level.
                   A        B        C        D        E       F      G
               +--------+--------+--------+--------+--------+-----+--------+
         Total |   5246 |   4976 |    270 |     90 |   4030 |   6 |  874.3 |
       Dungeon |   5246 |   4976 |    270 |     90 |   4030 |   6 |  874.3 |
               +--------+--------+--------+--------+--------+-----+--------+

Top non-repeatable levels by time:
     D:5: 1166 daAuts
     D:4: 1138 daAuts
     D:3: 900 daAuts
     D:2: 785 daAuts
     D:6: 637 daAuts
     D:1: 618 daAuts
